 Dungeon Crawl Stone Soup version 0.27-a0-1202-ge72e49191c (webtiles) character file.

Game seed: 18010522383552220371

3074 Delamore the Fighter (level 10, -3/81 HPs)
             Began as a Formicid Fighter on June 4, 2021.
             Was an Initiate of Gozag.
             Killed from afar by an electric eel (8 damage)
             ... with a bolt of electricity
             ... on level 7 of the Dungeon.
             The game lasted 00:08:59 (7321 turns).

Delamore the Fighter (Formicid Fighter)             Turns: 7321, Time: 00:08:59

Health: -3/81      AC:  8    Str: 24    XL:     10   Next: 12%
Magic:  0/10       EV: 10    Int:  8    God:    Gozag
Gold:   571        SH:  4    Dex: 10    Spells: 9/9 levels left

rFire    + + .     SeeInvis +   m - +5 dagger (elec)
rCold    . . .     Faith    .   u - +0 buckler {rF+}
rNeg     . . .     Spirit   +   b - +0 scale mail
rPois    +         Reflect  .   (helmet unavailable)
rElec    .         Harm     .   (no cloak)
rCorr    .         Rampage  .   (no gloves)
Will     +....                  w - +0 pair of boots
Stlth    ..........             g - amulet of guardian spirit
HPRegen  0.23/turn              A - ring of protection from fire
MPRegen  0.12/turn              y - ring of poison resistance

@: no status effects
A: permanent stasis, dig shafts and tunnels, antennae 3, four strong arms
a: Dig, Shaft Self, Renounce Religion, Potion Petition, Call Merchant, Bribe
Branch


You were on level 7 of the Dungeon.
You worshipped Gozag.
Gozag was pleased with you.
You visited 2 branches of the dungeon, and saw 8 of its levels.

You collected 726 gold pieces.
You spent 71 gold pieces at shops.
You paid 84 gold pieces to Gozag.

Inventory:

Hand Weapons
 a - a +1 trident
 m - a +5 dagger of electrocution (weapon)
Missiles
 l - 23 boomerangs
 r - 10 poisoned darts (quivered)
 s - 13 javelins
Armour
 b - a +0 scale mail (worn)
 c - a +1 kite shield
 u - a +0 buckler of fire resistance (worn)
 w - a +0 pair of boots (worn)
Jewellery
 g - an amulet of guardian spirit (around neck)
 n - a ring of fire
 y - a ring of poison resistance (right hand)
 A - a ring of protection from fire (left hand)
Wands
 f - a wand of polymorph (1)
 B - a wand of iceblast (8)
Scrolls
 j - a scroll of teleportation
 p - a scroll of fear
 v - 2 scrolls of amnesia
Potions
 d - a potion of might
 e - a potion of ambrosia
 h - a potion of flight
 i - a potion of magic
 k - a potion of resistance
 o - 2 potions of heal wounds {unknown}
 q - 2 potions of cancellation
 t - a potion of invisibility {unknown}
 x - a potion of haste {unknown}
 z - 2 potions of curing


   Skills:
 + Level 8.3 Fighting
 - Level 5.0 Short Blades
 + Level 7.7 Polearms
 + Level 5.9 Throwing
 - Level 5.0 Armour
 - Level 3.6 Shields


You had 9 spell levels left.
You didn't know any spells.
Your spell library contained the following spells:

 Spells                   Type           Power      Damage    Failure   Level
 Corona                   Hex            0%         N/A       69%         1
 Magic Dart               Conj           0%         1d3       69%         1
 Shock                    Conj/Air       0%         1d3       69%         1
 Call Imp                 Summ           0%         N/A       83%         2
 Ensorcelled Hibernation  Hex/Ice        0%         N/A       83%         2
 Slow                     Hex            0%         N/A       83%         2
 Static Discharge         Conj/Air       0%         N/A       83%         2
 Confusing Touch          Hex            0%         N/A       96%         3
 Conjure Flame            Conj/Fire      0%         6-21      96%         3
 Dazzling Flash           Conj/Hex       0%         N/A       96%         3
 Mephitic Cloud           Conj/Pois/Air  0%         N/A       96%         3
 Tukima's Dance           Hex            0%         N/A       96%         3
 Airstrike                Air            0%         N/A       100%        4
 Lightning Bolt           Conj/Air       0%         1d11      100%        5
 Blink                    Tloc           Unusable   N/A       N/A         2
 Swiftness                Air            Unusable   N/A       N/A         3

Dungeon Overview and Level Annotations

Branches:
Dungeon (7/15)             Temple (1/1) D:5

Altars:
Ashenzari
Cheibriados
Elyvilon
Gozag
Kikubaaqudgha
Makhleb
Okawaru
Ru
Sif Muna
Uskayaw
Vehumet
Wu Jian
Xom

Shops:
D:1 *   D:6 [

Annotations:
D:2 1 runed translucent door, Crazy Yiuf


Innate Abilities, Weirdness & Mutations

You cannot be hasted, slowed, berserked, paralysed or teleported.
You can dig through walls and to a lower floor.
You have a pair of large antennae on your head. (SInv)
Your four strong arms can wield two-handed weapons with a shield.


Message History

There is a stone staircase leading down here.
You sense a monster nearby.
You open the gate. 2 electric eels come into view.
There is an open gate here.
You closely miss the electric eel.
The electric eel shoots out a bolt of lightning at you!
The bolt of electricity misses you.
You closely miss the electric eel. You puncture the electric eel!
The electric eel is heavily wounded.
The electric eel shoots out a bolt of lightning at you!
The bolt of electricity hits you!
You closely miss the electric eel.
The electric eel is heavily wounded.
The electric eel shoots out a bolt of lightning at you!
The bolt of electricity hits you!
You puncture the electric eel!
The electric eel is almost dead.
The electric eel shoots out a bolt of lightning at you!
The bolt of electricity hits you!
The electric eel shoots out a bolt of lightning at you!
The bolt of electricity hits you!
You barely miss the electric eel.
The electric eel is almost dead.
The electric eel shoots out a bolt of lightning at you!
The bolt of electricity misses you.
The electric eel shoots out a bolt of lightning at you!
The bolt of electricity hits you!
* * * LOW HITPOINT WARNING * * *
The electric eel shoots out a bolt of lightning at you!
The bolt of electricity hits you.
* * * LOW HITPOINT WARNING * * *
The electric eel shoots out a bolt of lightning at you!
The bolt of electricity hits you!
* * * LOW HITPOINT WARNING * * *
The electric eel shoots out a bolt of lightning at you!
The bolt of electricity hits you!
You die...
Your body crumbles into a pile of gold.

..)....# .# # #≈
....)..## ≈#...# #...#≈≈
.>......##≈≈#.#.#
#.#.#≈≈#
.........##≈≈#...#...#≈≈#
..........##≈≈#.#.#.#≈≈#
######.....##≈≈#...#≈≈#
...# #...>..##≈;...;≈#
##.# ####'#..###'''# #.#
#.##....@..# #.#
#.########## #.# #.# #.#
#.# #.######.# #........#
##########


You could see 2 electric eels.

Vanquished Creatures
  A two-headed ogre (D:6)
  A deep elf pyromancer (D:6)
  Edmund (D:4)
  A sky beast (D:6)
  2 orc warriors (D:5)
  4 ogres (D:6)
  A kobold brigand (D:6)
  A gnoll sergeant (D:6)
  A scorpion (D:6)
  A bullfrog (D:4)
  A wyvern skeleton (D:6)
  3 howler monkeys (D:6)
  A jelly (D:3)
  3 orc priests
  A gnoll shaman (D:7)
  5 hounds
  A bullfrog skeleton (D:6)
  A scorpion zombie (D:5)
  Ijyb (D:3)
  4 iguanas
  3 orc wizards
  A hound skeleton (D:5)
  4 adders
  12 gnolls
  3 white imps (D:6)
  An ufetubus (D:6)
  An adder skeleton (D:3)
  2 dart slugs (D:1)
  A worm (D:2)
  21 orcs
  8 ball pythons
  9 endoplasms
  6 giant cockroaches
  8 goblins
  5 hobgoblins
  5 jackals
  7 kobolds
  3 quokkas
  7 bats
  3 frilled lizards
  4 rats
149 creatures vanquished.

Notes
Turn   | Place    | Note
-------+----------+-------------------------------------------
     0 | D:1      | Delamore the Formicid Fighter began the quest for the Orb.
     0 | D:1      | Reached XP level 1. HP: 18/18 MP: 1/1
   185 | D:1      | Reached XP level 2. HP: 24/24 MP: 2/2
   328 | D:1      | Found Efipeshe's General Store.
   353 | D:1      | Reached XP level 3. HP: 29/29 MP: 3/3
  1246 | D:2      | Reached XP level 4. HP: 35/35 MP: 4/4
  1373 | D:2      | Found a runed translucent door.
  1374 | D:2      | Noticed Crazy Yiuf
  1597 | D:1      | Bought a scroll of fear for 45 gold pieces
  1597 | D:1      | Bought a scroll of identify for 26 gold pieces
  1786 | D:3      | Noticed Ijyb
  2042 | D:3      | Killed Ijyb
  2151 | D:3      | Reached XP level 5. HP: 41/41 MP: 5/5
  2469 | D:3      | Reached skill level 1 in Short Blades
  2593 | D:3      | Found a shimmering altar of Xom.
  2596 | D:3      | Found a shimmering altar of Xom.
  2596 | D:3      | Found a shimmering altar of Xom.
  2924 | D:4      | Reached skill level 4 in Fighting
  2924 | D:4      | Reached XP level 6. HP: 42/48 MP: 6/6
  3287 | D:4      | Found a white marble altar of Elyvilon.
  3628 | D:4      | Reached skill level 5 in Fighting
  3675 | D:4      | Noticed Edmund
  3681 | D:4      | Killed Edmund
  3682 | D:4      | Reached XP level 7. HP: 28/56 MP: 3/7
  4275 | D:5      | Entered Level 5 of the Dungeon
  4433 | D:5      | Found a staircase to the Ecumenical Temple.
  4443 | Temple   | Entered the Ecumenical Temple
  4456 | Temple   | Became a worshipper of Gozag Ym Sagoz the Greedy
  4882 | D:5      | Reached skill level 5 in Short Blades
  5258 | D:6      | Reached skill level 5 in Polearms
  5258 | D:6      | Reached skill level 1 in Throwing
  5258 | D:6      | Reached XP level 8. HP: 30/62 MP: 4/8
  5677 | D:6      | Reached skill level 6 in Fighting
  5751 | D:5      | Reached skill level 5 in Armour
  5751 | D:5      | Reached XP level 9. HP: 44/69 MP: 5/9
  5944 | D:6      | Found Hiapud's Armour Shoppe.
  6702 | D:6      | Reached skill level 7 in Fighting
  6880 | D:6      | Noticed a deep elf pyromancer
  6886 | D:6      | Killed a deep elf pyromancer
  6887 | D:6      | Reached skill level 5 in Throwing
  6941 | D:6      | Noticed a two-headed ogre
  6956 | D:6      | Killed a two-headed ogre
  6957 | D:6      | Reached skill level 8 in Fighting
  6957 | D:6      | Reached XP level 10. HP: 8/80 MP: 1/10
  7118 | D:7      | Found a hide-covered altar of Uskayaw.
  7121 | D:7      | Noticed a +0 dagger
  7122 | D:7      | Noticed a +0 dagger
  7321 | D:7      | Killed from afar by an electric eel

Illustrated notes

Levels and vault maps discovered:
D:1:      dpeg_arrival_rhombi, layout_rooms, serial_shops, shop,
          minmay_distorted
D:2:      layout_rooms, minmay_splitting_lines, uniq_crazy_yiuf_cottage
D:3:      layout_loops_ring, xom_redecorated, uniq_ijyb
D:4:      layout_loops_corners, general_overflow_altar, st_stairs_6,
          kennysheep_decorative_pillar, nrook_campfire, roderic_three_in_a_row,
          uniq_edmund
D:5:      layout_basic, minmay_temple_entry_offerings
D:6:      lemuel_castle_with_subvaults [lemuel_castle_interior_carwin_3],
          layout_basic, serial_shops, shop, guppyfry_early_elven_hall
D:7:      layout_basic, dancing_weapons_uskayaw, chequers_ossuary_entry_cave,
          gammafunk_ghost_split, kennysheep_cluttered_room, patterned_corridor
Temple:   eino_temple_lava

Skill      XL: |  1  2  3  4  5  6  7  8  9 |
---------------+----------------------------+-----
Polearms       | 3 4 5 7 |  7.7
Short Blades   | 1 4 5 |  5.0
Fighting       | 4 5 6 8 |  8.3
Throwing       | 1 3 5 |  5.9
Armour         | 5 |  5.0
Shields        | |  3.6

Action                   |  1- 3 |  4- 6 |  7- 9 | 10-12 || total
-------------------------+-------+-------+-------+-------++-------
Melee: Trident           |   127 |    31 |       |       ||   158
       Dagger            |       |    94 |   200 |    31 ||   325
       Unarmed           |       |     8 |       |       ||     8
Throw: Boomerang         |       |       |    10 |       ||    10
       Dart              |       |       |    13 |       ||    13
 Abil: Dig               |     5 |       |     4 |       ||     9
Evoke: Wand              |       |       |     1 |       ||     1
  Use: Scroll            |     3 |     7 |     4 |     1 ||    15
Armor: Scale mail        |    42 |    26 |    65 |     4 ||   137
       Skin              |       |     1 |       |       ||     1
Dodge: Dodged            |    33 |    26 |    56 |    10 ||   125
Block: Kite shield       |    55 |    63 |       |       ||   118
       Buckler           |       |     1 |    30 |     3 ||    34

Table legend: (Time is in decaauts)
 A = Elapsed time spent in this place.
 B = Non-inter-level travel time spent in this place.
 C = Inter-level travel time spent in this place.
 D = Time resting spent in this place.
 E = Time spent auto-exploring this place.
 F = Levels seen in this place.
 G = Mean time per level.
                   A        B        C        D        E       F      G
               +--------+--------+--------+--------+--------+-----+--------+
         Total |   7325 |   7035 |    290 |   1392 |   4328 |   8 |  915.6 |
       Dungeon |   7303 |   7020 |    283 |   1392 |   4328 |   7 | 1043.3 |
        Temple |     22 |     15 |      7 |      0 |      0 |   1 |   22.0 |
               +--------+--------+--------+--------+--------+-----+--------+

Top non-repeatable levels by time:
     D:5: 1614 daAuts
     D:4: 1324 daAuts
     D:3: 1171 daAuts
     D:2: 1116 daAuts
     D:6: 1009 daAuts
     D:1: 715 daAuts
     D:7: 351 daAuts
  Temple: 22 daAuts
